 Dungeon Sprint DCSS version 0.18-a0-1788-g92de1ac (webtiles) character file.

521983 wvc the Invulnerable (level 23, -15/219 HPs)
             Began as a Formicid Fighter on Apr 19, 2016.
             Was a High Priest of Cheibriados.
             Killed from afar by Lom Lobon (71 damage)
             ... with a great icy blast
             ... in the Dungeon (Sprint IX: "|||||||||||||||||||||||||||||").
             The game lasted 00:43:46 (11830 turns).

wvc the Invulnerable (Formicid Fighter)            Turns: 11830, Time: 00:43:46

Health: -15/219    AC: 39    Str: 35    XL:     23   Next: 48%
Magic:  43/63      EV: 36    Int: 23    God:    Cheibriados [*****.]
Gold:   1011       SH: 32    Dex: 39    Spells: 0 memorised, 76 levels left

rFire  + + +     SeeInvis +     z - +9 bardiche (freeze)
rCold  . . .     Gourm    .     w - +3 gold dragon armour
rNeg   + + .     Faith    .     b - +1 large shield
rPois  +         Spirit   .     (helmet unavailable)
rElec  +         Dismiss  +     g - +2 cloak {+Inv}
rCorr  .         Reflect  .     a - +0 pair of gloves {Dex+3}
SustAt .         Harm     .     F - +1 pair of boots {Fly}
MR     +++..                    T - amulet of Unahic {Dismiss rElec rF+ rN+ MR+}
Stlth  ++++......               Q - ring "Ryar" {Fire rN+ Stlth+}
                                S - ring of Utzu {rPois MP+9 Dex+6 Stlth-}

@: very slow, extremely resistant to hostile enchantments, stealthy
A: permanent stasis, dig shafts and tunnels, four strong arms, antennae 3
a: Dig, Bend Time, Temporal Distortion, Slouch, Step From Time, Renounce
Religion, Evoke Invisibility, Evoke Flight
}: 9/15 runes: decaying, serpentine, barnacled, slimy, elven, silver, golden,
abyssal, gossamer


You were in the Dungeon.
You worshipped Cheibriados.
Cheibriados was extremely pleased with you.
You were full.

You visited 1 branch You collected 1980 gold pieces.
You spent 969 gold pieces at shops.

Inventory:

Hand Weapons
 p - the +2 halberd of the Spheres {flame, rF+ rC- rN+++ Int+2}
   (You found it in the Dungeon)

   It has been specially enchanted to burn those struck by it, causing extra
   injury to most foes and up to half again as much damage against particularly
   susceptible opponents.
   Big, fiery blades are also staple armaments of hydra-hunters.
   It affects your intelligence (+2).
   It protects you from fire.
   It makes you vulnerable to cold.
   It renders you almost immune to negative energy.
 z - a +9 bardiche of freezing (weapon)
Missiles
 D - 3 throwing nets (quivered)
Armour
 a - a +0 pair of gloves of dexterity (worn)
 b - a +1 large shield (worn)
 g - a +2 cloak of invisibility (worn)
 w - a +3 gold dragon armour (worn)
 F - a +1 pair of boots of flying (worn)
 P - a +0 shield of reflection
Jewellery
 s - an uncursed ring of poison resistance
 E - an uncursed ring of protection from cold
 O - the ring of Dirphi {rCorr Int+3}
   (You found it in the Dungeon)

   [ring of resist corrosion]

   It affects your intelligence (+3).
 Q - the ring "Ryar" (right hand) {Fire rN+ Stlth+}
   (You found it in the Dungeon)

   [ring of fire]

   It enhances your fire magic, and weakens your ice magic.
   It protects you from fire.
   It makes you vulnerable to cold.
   It protects you from negative energy.
   It makes you more stealthy.
 R - the amulet of Crawling {Faith rF+ Str-3 Int+2}
   (You found it in the Dungeon)

   [amulet of faith]

   It allows you to gain divine favour quickly.
   It affects your strength (-3).
   It affects your intelligence (+2).
   It protects you from fire.
 S - the ring of Utzu (left hand) {rPois MP+9 Dex+6 Stlth-}
   (You found it in the Dungeon)

   [ring of loudness]

   It affects your dexterity (+6).
   It protects you from poison.
   It affects your magic capacity (+9).
   It makes you less stealthy.
 T - the amulet of Unahic (around neck) {Dismiss rElec rF+ rN+ MR+}
   (You found it in the Dungeon)

   [amulet of dismissal]

   It may teleport away creatures that harm you.
   It protects you from fire.
   It insulates you from electricity.
   It protects you from negative energy.
   It affects your resistance to hostile enchantments.
Wands
 h - a wand of enslavement (15/24)
 l - a wand of heal wounds (8/9)
 o - a wand of acid (7/15)
 L - a wand of disintegration (11/24)
Scrolls
 j - 6 scrolls of fear
 m - 5 scrolls of remove curse
 n - 2 scrolls of amnesia
 t - a scroll of recharging
 x - a scroll of enchant weapon
 A - 2 scrolls of immolation
 C - a scroll of holy word
Potions
 c - a potion of agility
 d - 4 potions of might
 e - 8 potions of curing
 i - 3 potions of magic
 r - 2 potions of brilliance
 K - a potion of ambrosia
Comestibles
 f - 13 bread rations
 u - 21 fruits
 v - 12 meat rations


   Skills:
 O Level 27 Fighting
 O Level 27 Polearms
 + Level 21.0 Throwing
 O Level 27 Armour
 O Level 27 Dodging
 O Level 27 Stealth
 O Level 27 Shields
 O Level 27 Spellcasting
 O Level 27 Invocations
 O Level 27 Evocations


You had 76 spell levels left.
You didn't know any spells.

Dungeon Overview and Level Annotations

Branches:
Dungeon (1/1)

Altars:
Cheibriados
Dithmenos
Elyvilon
Fedhas
Gozag
Kikubaaqudgha
Makhleb
Nemelex Xobeh
Okawaru
Pakellas
Qazlal
Ru
Sif Muna
Trog
Vehumet
Xom
Yredelemnul
Zin
The Shining One
Beogh
Jiyva
Lugonu

Shops:
D **?(

Annotations:
D Ereshkigal, Lom Lobon


Innate Abilities, Weirdness & Mutations

You are under a permanent stasis effect.
You can dig through walls and to a lower floor.
Your four strong arms can wield two-handed weapons with a shield.
You have a pair of large antennae on your head (SInv).


Message History

You are engulfed in raging winds.
Lom Lobon gestures.
The Brimstone Fiend calls on the powers of darkness!
Your body is wracked with pain!
* * * LOW HITPOINT WARNING * * *
3 ball lightnings come into view.
You don't have enough magic at the moment.
Drink which item? (? for menu, Esc to quit)
Magic courses through your body.
You float gracefully downwards.
The ball lightning explodes!
The blast of lightning engulfs you! You resist.
* * * LOW HITPOINT WARNING * * *
The blast of lightning engulfs Lom Lobon.
Lom Lobon completely resists.
The blast of lightning engulfs the ball lightning.
The ball lightning completely resists.
Lom Lobon gestures at you.
Lom Lobon conjures a mighty blast of ice!
The great icy blast engulfs you!
You die...

..................+....).......))
▓▓▓▓▓▓▓▓▓▓▓▓▓▓▓▓▓▓▓▓▓▓▓▓▓▓▓▓▓▓▓▓▓
.................................
▓▓▓▓▓▓▓▓▓▓▓▓▓▓▓▓▓▓▓▓▓▓▓▓▓▓▓▓▓▓▓▓▓
...........'.........'.........'.
▓▓▓▓▓▓▓▓▓▓▓▓▓▓▓▓▓▓▓▓▓▓▓▓▓▓▓▓▓▓▓▓▓
.................................
▓▓▓▓▓▓▓▓▓▓▓▓▓▓▓▓▓▓▓▓▓▓▓▓▓▓▓▓▓▓▓▓▓
{ { ..1..&§@§&**............
▓▓▓▓▓▓▓▓▓▓▓▓▓▓▓▓▓▓▓▓▓▓▓▓


You could see Lom Lobon, Ereshkigal, a Brimstone Fiend and 2 ball lightnings.

Vanquished Creatures
  the Royal Jelly (D)
  Gloorx Vloq (D)
  5 ancient liches (D)
  4 orbs of fire (D)
  Boris (D)
  5 greater mummies (D)
  A curse toe (D)
  Saint Roka (D)
  Norris (D)
  Nikola (D)
  Geryon (D)
  6 golden dragons (D)
  Jory (D)
  2 electric golems (D)
  A bone dragon (D)
  Rupert (D)
  2 titans (D)
  3 deep elf blademasters (D)
  27 Orb Guardians (D)
  3 tentacled monstrosities (D)
  2 deep elf master archers (D)
  Gastronok (D)
  9 acid blobs (D)
  3 death cobs (D)
  11 sphinxes (D)
  Ilsuiw (D)
  Agnes (D)
  6 shadow dragons (D)
  5 greater nagas (D)
  3 azure jellies (D)
  A draconian monk (D)
  Donald (D)
  A draconian knight (D)
  A frost giant (D)
  2 fire giants (D)
  4 emperor scorpions (D)
  3 ghost moths (D)
  2 draconian scorchers (D)
  2 ironheart preservers (D)
  2 vault wardens (D)
  2 draconian shifters (D)
  2 draconian callers (D)
  7 stone giants (D)
  3 very ugly things (D)
  A draconian annihilator (D)
  8 vampire knights (D)
  3 deep elf demonologists (D)
  2 green draconians (D)
  A dire elephant (D)
  3 black draconians (D)
  A white draconian (D)
  A yellow draconian (D)
  4 red draconians (D)
  3 deep elf annihilators (D)
  2 purple draconians (D)
  3 mottled draconians (D)
  2 deep elf death magi (D)
  5 merfolk javelineers (D)
  4 ettins (D)
  3 merfolk impalers (D)
  2 mummy priests (D)
  10 fire dragons (D)
  5 death oozes (D)
  A great orb of eyes (D)
  A deep elf high priest (D)
  25 vault guards (D)
  2 yaktaur captains (D)
  Josephine (D)
  8 hydras (D)
  3 ice dragons (D)
  3 rakshasas (D)
  A death knight (D)
  2 naga warriors (D)
  A satyr (D)
  2 alligators (D)
  3 tengu warriors (D)
  3 deep troll earth magi (D)
  A vampire mage (D)
  2 deep troll shamans (D)
  4 merfolk aquamancers (D)
  2 shock serpents (D)
  An orc high priest (D)
  12 spriggans (D)
  A naga sharpshooter (D)
  Nergalle (D)
  A wretched star (D)
  An unseen horror (D)
  A flayed ghost (D)
  A naga ritualist (D)
  A phantasmal warrior (D)
  2 ironbrand convokers (D)
  15 orc knights (D)
  6 swamp dragons (D)
  A deep elf archer (D)
  4 ugly things (D)
  A necromancer (D)
  A mana viper (D)
  3 griffons (D)
  A deep elf mage (D)
  7 wolf spiders (D)
  7 elephants (D)
  3 black mambas (D)
  A guardian serpent (D)
  7 moths of wrath (D)
  A black mamba (shapeshifter) (D)
  A sixfirhy (D)
  A siren (D)
  Psyche (D)
  5 naga magi (D)
  4 vault sentinels (D)
  2 smoke demons (D)
  5 spiny frogs (D)
  A gargoyle (D)
  3 yaktaurs (D)
  A rime drake (D)
  A tormentor (D)
  2 freezing wraiths (D)
  21 guardian mummies (D)
  An ancient zyme (D)
  2 demonic crawlers (D)
  3 jumping spiders (D)
  A wandering mushroom (D)
  4 slime creatures (D)
  2 merfolk (D)
  A troll (D)
  A giant leech (D)
  A raiju (D)
  3 snapping turtles (D)
  2 boulder beetles (D)
  A large abomination (D)
  2 redbacks (D)
  2 tarantellas (D)
  A vampire (D)
  Eustachio (D)
  A basilisk (D)
  5 wraiths (D)
  2 yaks (D)
  5 hippogriffs (D)
  2 golden eyes (D)
  A vampire mosquito (D)
  A naga (D)
  A mottled dragon (D)
  3 water moccasins (D)
  2 giant eyeballs (D)
  16 orc warriors (D)
  A sky beast (D)
  2 wasps (D)
  A necrophage (D)
  An ogre (D)
  A crocodile (D)
  A giant frog (D)
  A scorpion (D)
  A howler monkey (D)
  2 crimson imps (D)
  2 hounds (D)
  7 orc priests (D)
  2 iguanas (D)
  2 worker ants (D)
  4 orc wizards (D)
  A sheep (D)
  An adder (D)
  A white imp (D)
  An adder skeleton (D)
  3 ball lightnings (D)
  A dart slug (D)
  An adder simulacrum (D)
  A giant gecko (D)
  4 orcs (D)
  A goblin (D)
  A hobgoblin (D)
  A ball python skeleton (D)
  2 giant gecko skeletons (D)
  A kobold (D)
514 creatures vanquished.

Vanquished Creatures (others)
  A draconian scorcher (D)
  An ogre mage (D)
  An ugly thing (D)
  A ball lightning (D)
4 creatures vanquished.

Grand Total: 518 creatures vanquished

Notes
Turn   | Place    | Note
--------------------------------------------------------------
     0 | D        | wvc the Formicid Fighter began the quest for the Orb.
     0 | D        | Reached XP level 1. HP: 18/18 MP: 1/1
    10 | D        | Reached XP level 2. HP: 24/24 MP: 2/2
    50 | D        | Noticed a crimson imp
    55 | D        | Reached skill level 5 in Polearms
    67 | D        | Reached XP level 3. HP: 10/29 MP: 3/3
    70 | D        | Reached XP level 4. HP: 33/35 MP: 4/4
    79 | D        | Reached XP level 5. HP: 25/41 MP: 5/5
    92 | D        | Reached skill level 10 in Polearms
   320 | D        | Found a glowing silver altar of Zin.
   320 | D        | Found a glowing golden altar of the Shining One.
   320 | D        | Found an ancient bone altar of Kikubaaqudgha.
   320 | D        | Found a basalt altar of Yredelemnul.
   320 | D        | Found a shimmering altar of Xom.
   320 | D        | Found a radiant altar of Vehumet.
   321 | D        | Found an iron altar of Okawaru.
   322 | D        | Found a burning altar of Makhleb.
   323 | D        | Found a deep blue altar of Sif Muna.
   324 | D        | Found a bloodstained altar of Trog.
   325 | D        | Found a sparkling altar of Nemelex Xobeh.
   326 | D        | Found a white marble altar of Elyvilon.
   327 | D        | Found a roughly hewn altar of Beogh.
   328 | D        | Found a viscous altar of Jiyva.
   329 | D        | Found a corrupted altar of Lugonu.
   330 | D        | Found a blossoming altar of Fedhas.
   331 | D        | Found a snail-covered altar of Cheibriados.
   332 | D        | Found a shadowy altar of Dithmenos.
   333 | D        | Found a stormy altar of Qazlal.
   334 | D        | Found an opulent altar of Gozag.
   335 | D        | Found a sacrificial altar of Ru.
   336 | D        | Found an oddly glowing altar of Pakellas.
   339 | D        | Became a worshipper of Cheibriados the Contemplative
   354 | D        | Got the +2 halberd of the Spheres {flame, rF+ rC- rN+++ Int+2}
   384 | D        | Noticed a necrophage
   384 | D        | Noticed a gargoyle
   391 | D        | Reached * piety under Cheibriados
   391 | D        | Reached XP level 6. HP: 47/47 MP: 6/6
   404 | D        | Killed a gargoyle
   404 | D        | Reached ** piety under Cheibriados
   404 | D        | Reached XP level 7. HP: 40/52 MP: 7/7
   406 | D        | Reached skill level 15 in Polearms
   480 | D        | Noticed a tengu warrior
   481 | D        | Reached *** piety under Cheibriados
   490 | D        | Reached XP level 8. HP: 43/58 MP: 8/8
   492 | D        | Reached **** piety under Cheibriados
   504 | D        | Killed a tengu warrior
   504 | D        | Reached skill level 5 in Fighting
   504 | D        | Reached skill level 5 in Armour
   504 | D        | Reached XP level 9. HP: 37/69 MP: 9/9
   777 | D        | Noticed a spiny frog
   781 | D        | Noticed a spiny frog
   781 | D        | Killed a spiny frog
   781 | D        | Reached ***** piety under Cheibriados
   788 | D        | Noticed a rime drake
   794 | D        | Reached ****** piety under Cheibriados
   798 | D        | Killed a spiny frog
   805 | D        | Killed a rime drake
   805 | D        | Reached skill level 10 in Armour
   805 | D        | Reached skill level 5 in Dodging
   805 | D        | Reached XP level 10. HP: 65/83 MP: 10/10
   955 | D        | Noticed a spiny frog
   955 | D        | Noticed a black mamba
   968 | D        | Killed a black mamba
   968 | D        | Reached skill level 10 in Fighting
   978 | D        | Killed a spiny frog
   981 | D        | Noticed a spiny frog
   991 | D        | Killed a spiny frog
  1210 | D        | Noticed an elephant
  1210 | D        | Noticed an elephant
  1210 | D        | Noticed an elephant
  1210 | D        | Noticed an elephant
  1210 | D        | Noticed an elephant
  1210 | D        | Noticed an elephant
  1216 | D        | Killed an elephant
  1221 | D        | Killed an elephant
  1226 | D        | Killed an elephant
  1226 | D        | Reached XP level 11. HP: 82/96 MP: 11/11
  1229 | D        | Killed an elephant
  1235 | D        | Killed an elephant
  1238 | D        | Noticed a dire elephant
  1240 | D        | Noticed an elephant
  1242 | D        | Killed an elephant
  1249 | D        | Killed a dire elephant
  1253 | D        | Killed an elephant
  1415 | D        | Noticed Gastronok
  1425 | D        | Killed Gastronok
  1425 | D        | Reached skill level 15 in Fighting
  1425 | D        | Reached skill level 15 in Armour
  1500 | D        | Noticed an orc knight
  1512 | D        | Killed an orc knight
  1717 | D        | Noticed an orc knight
  1717 | D        | Noticed an orc high priest
  1720 | D        | Noticed an orc knight
  1721 | D        | Killed an orc high priest
  1721 | D        | Reached XP level 12. HP: 109/111 MP: 11/13
  1768 | D        | Reached skill level 5 in Invocations
  2258 | D        | Found Zagaon's Antique Weapon Boutique.
  2291 | D        | Found Ysaannib's Magic Scroll Shop.
  2539 | D        | Found Tamac's General Store.
  2542 | D        | Found Nuim's General Store.
  2609 | D        | Bought a scroll of brand weapon for 260 gold pieces
  2609 | D        | Bought a scroll of immolation for 45 gold pieces
  2612 | D        | Bought a scroll of silence for 90 gold pieces
  2615 | D        | Bought an uncursed amulet of dismissal for 420 gold pieces
  2615 | D        | Bought a scroll of holy word for 105 gold pieces
  2615 | D        | Bought a scroll of immolation for 49 gold pieces
  2662 | D        | Noticed Josephine
  2668 | D        | Killed Josephine
  2734 | D        | Noticed Eustachio
  2744 | D        | Killed Eustachio
  2877 | D        | Noticed a fire dragon
  2877 | D        | Noticed a tengu warrior
  2877 | D        | Noticed an unseen horror
  2879 | D        | Killed an unseen horror
  2879 | D        | Reached XP level 13. HP: 120/122 MP: 18/18
  2891 | D        | Killed a fire dragon
  2895 | D        | Noticed a white very ugly thing
  2903 | D        | Killed a white very ugly thing
  3175 | D        | Noticed an ettin
  3182 | D        | Killed an ettin
  3208 | D        | Noticed Psyche
  3211 | D        | Killed Psyche
  3235 | D        | Noticed Agnes
  3244 | D        | Killed Agnes
  3259 | D        | Noticed Rupert
  3272 | D        | Killed Rupert
  3767 | D        | Noticed a naga warrior
  3776 | D        | Killed a naga warrior
  3782 | D        | Reached XP level 14. HP: 118/130 MP: 19/19
  4447 | D        | Noticed Nergalle
  4453 | D        | Killed Nergalle
  4586 | D        | Noticed a stone giant
  4586 | D        | Noticed a white very ugly thing
  4587 | D        | Noticed a stone giant
  4593 | D        | Noticed a fire giant
  4593 | D        | Killed a brown very ugly thing
  4602 | D        | Killed a stone giant
  4605 | D        | Killed a stone giant
  4610 | D        | Killed a fire giant
  4629 | D        | Gained mutation: Your spells are a little harder to cast, but a little more powerful. [mutagenic meat]
  4823 | D        | Noticed a frost giant
  4837 | D        | Killed a frost giant
  4837 | D        | Reached XP level 15. HP: 119/136 MP: 20/20
  4952 | D        | Noticed a vault warden
  4956 | D        | Reached skill level 10 in Shields
  4965 | D        | Killed a vault warden
  4967 | D        | Noticed an ironheart preserver
  4979 | D        | Killed an ironheart preserver
  4995 | D        | Noticed a stone giant
  5004 | D        | Noticed a stone giant
  5004 | D        | Killed a stone giant
  5020 | D        | Noticed a vault warden
  5024 | D        | Killed a stone giant
  5032 | D        | Killed a vault warden
  5032 | D        | Reached skill level 15 in Shields
  5101 | D        | Noticed Norris
  5123 | D        | Killed Norris
  5354 | D        | Noticed an emperor scorpion
  5354 | D        | Noticed an emperor scorpion
  5354 | D        | Noticed an emperor scorpion
  5358 | D        | Noticed a ghost moth
  5367 | D        | Killed an emperor scorpion
  5376 | D        | Killed an emperor scorpion
  5384 | D        | Killed an emperor scorpion
  5386 | D        | Killed a ghost moth
  5388 | D        | Noticed an emperor scorpion
  5396 | D        | Killed an emperor scorpion
  5404 | D        | Gained mutation: You are robust (+10% HP). [mutagenic meat]
  5405 | D        | Gained mutation: You are partially covered in rugged brown scales (AC +1, +3% HP). [mutagenic meat]
  5406 | D        | Gained mutation: You are resistant to hostile enchantments. [mutagenic meat]
  5407 | D        | Gained mutation: Your body sometimes deteriorates upon taking damage. [mutagenic meat]
  5420 | D        | Reached XP level 16. HP: 158/169 MP: 8/21
  5434 | D        | Got a gossamer rune of Zot
  5536 | D        | Got a decaying rune of Zot
  5547 | D        | Noticed Ilsuiw
  5563 | D        | Killed Ilsuiw
  5568 | D        | Reached skill level 10 in Dodging
  5598 | D        | Got a barnacled rune of Zot
  5690 | D        | Noticed a greater naga
  5693 | D        | Noticed a greater naga
  5708 | D        | Killed a greater naga
  5709 | D        | Noticed a greater naga
  5710 | D        | Noticed a greater naga
  5710 | D        | Killed a greater naga
  5714 | D        | Killed a greater naga
  5718 | D        | Noticed a greater naga
  5720 | D        | Killed a greater naga
  5735 | D        | Killed a greater naga
  5937 | D        | Got a serpentine rune of Zot
  5981 | D        | Noticed Nikola
  6000 | D        | Killed Nikola
  6272 | D        | Noticed Saint Roka
  6289 | D        | Reached XP level 17. HP: 148/192 MP: 22/22
  6412 | D        | Noticed Jory
  6421 | D        | Killed Jory
  6685 | D        | Noticed a golden dragon
  6700 | D        | Noticed a tentacled monstrosity
  6702 | D        | Killed a golden dragon
  6708 | D        | Killed a tentacled monstrosity
  6715 | D        | Noticed a shadow dragon
  6717 | D        | Noticed a shadow dragon
  6721 | D        | Reached skill level 27 in Armour
  6731 | D        | Killed a shadow dragon
  6738 | D        | Killed a shadow dragon
  6740 | D        | Reached skill level 15 in Dodging
  6745 | D        | Reached XP level 18. HP: 178/202 MP: 23/23
  6823 | D        | Noticed a golden dragon
  6823 | D        | Noticed a titan
  6824 | D        | Noticed a tentacled monstrosity
  6839 | D        | Noticed a titan
  6841 | D        | Killed a titan
  6845 | D        | Killed a golden dragon
  6851 | D        | Killed a tentacled monstrosity
  6869 | D        | Killed a titan
  6891 | D        | Got a fine bronze ring
  6893 | D        | Got a silver rune of Zot
  6897 | D        | Identified the ring of Dirphi {rCorr Int+3} (You found it in the Dungeon)
  7073 | D        | Noticed Donald
  7079 | D        | Killed Donald
  7110 | D        | Noticed Boris
  7124 | D        | Killed Boris
  7210 | D        | Got the ring "Ryar" {Fire rN+ Stlth+}
  7212 | D        | Got the amulet of Crawling {Faith rF+ Str-3 Int+2}
  7214 | D        | Got the ring of Utzu {rPois MP+9 Dex+6 Stlth-}
  7216 | D        | Got the amulet of Unahic {Dismiss rElec rF+ rN+ MR+}
  7225 | D        | Got the ring of Nurgh {rF+ Dex+3}
  7367 | D        | Killed Saint Roka
  7448 | D        | Noticed a bone dragon
  7462 | D        | Killed a bone dragon
  7555 | D        | Reached XP level 19. HP: 208/210 MP: 24/24
  7577 | D        | Reached skill level 27 in Polearms
  7591 | D        | Reached skill level 27 in Fighting
  7658 | D        | Reached skill level 27 in Dodging
  7769 | D        | Noticed a tentacled monstrosity
  7769 | D        | Noticed a golden dragon
  7769 | D        | Noticed a golden dragon
  7782 | D        | Killed a golden dragon
  7791 | D        | Killed a golden dragon
  7792 | D        | Killed a tentacled monstrosity
  7918 | D        | Noticed an Orb Guardian
  7918 | D        | Noticed an Orb Guardian
  7918 | D        | Noticed an Orb Guardian
  7918 | D        | Noticed an Orb Guardian
  7918 | D        | Noticed an Orb Guardian
  7918 | D        | Noticed an Orb Guardian
  7924 | D        | Killed an Orb Guardian
  7925 | D        | Killed an Orb Guardian
  7926 | D        | Noticed an Orb Guardian
  7930 | D        | Killed an Orb Guardian
  7932 | D        | Killed an Orb Guardian
  7936 | D        | Killed an Orb Guardian
  7940 | D        | Killed an Orb Guardian
  7943 | D        | Killed an Orb Guardian
  7943 | D        | Reached skill level 27 in Shields
  7945 | D        | Noticed an Orb Guardian
  7946 | D        | Noticed an Orb Guardian
  7951 | D        | Killed an Orb Guardian
  7956 | D        | Killed an Orb Guardian
  7956 | D        | Reached skill level 10 in Invocations
  7957 | D        | Noticed an Orb Guardian
  7964 | D        | Killed an Orb Guardian
  7964 | D        | Reached XP level 20. HP: 188/222 MP: 28/28
  8057 | D        | Reached skill level 10 in Evocations
  8070 | D        | Reached skill level 15 in Invocations
  8169 | D        | Noticed an ancient lich
  8174 | D        | Killed an ancient lich
  8174 | D        | Reached skill level 15 in Evocations
  8266 | D        | Noticed an orb of fire
  8269 | D        | Noticed an electric golem
  8275 | D        | Killed an electric golem
  8324 | D        | Noticed a golden dragon
  8324 | D        | Noticed an orb of fire
  8324 | D        | Noticed a curse toe
  8328 | D        | Noticed an electric golem
  8329 | D        | Noticed an orb of fire
  8331 | D        | Killed an orb of fire
  8333 | D        | Killed a curse toe
  8334 | D        | Noticed an orb of fire
  8340 | D        | Gained mutation: You are dopey. (Int -2) [an orb of fire]
  8346 | D        | Gained mutation: Scrolls take you a little longer to read. [an orb of fire]
  8354 | D        | Killed an orb of fire
  8359 | D        | Lost mutation: Your spells are a little harder to cast, but a little more powerful. [an orb of fire]
  8363 | D        | Killed an orb of fire
  8365 | D        | Noticed an orb of fire
  8368 | D        | Noticed a golden dragon
  8368 | D        | Killed a golden dragon
  8376 | D        | Noticed an ancient lich
  8378 | D        | Killed an orb of fire
  8386 | D        | Killed an ancient lich
  8386 | D        | Reached XP level 21. HP: 46/230 MP: 34/37
  8386 | D        | Killed an electric golem
  8392 | D        | Killed a golden dragon
  8392 | D        | Reached skill level 27 in Invocations
  8909 | D        | Reached skill level 27 in Evocations
  8909 | D        | Reached skill level 5 in Stealth
  9131 | D        | Reached skill level 10 in Stealth
  9132 | D        | Noticed an ancient lich
  9139 | D        | Noticed an ancient lich
  9149 | D        | Killed an ancient lich
  9158 | D        | Killed an ancient lich
  9174 | D        | Noticed an ancient lich
  9185 | D        | Killed an ancient lich
  9217 | D        | Reached XP level 22. HP: 239/239 MP: 39/39
  9250 | D        | Noticed a Tzitzimitl
  9270 | D        | Reached skill level 27 in Stealth
  9270 | D        | Reached skill level 1 in Spellcasting
  9277 | D        | Reached skill level 5 in Spellcasting
  9480 | D        | Got an elven rune of Zot
  9485 | D        | Reached skill level 10 in Spellcasting
  9594 | D        | Noticed the Royal Jelly
  9599 | D        | Reached skill level 15 in Spellcasting
  9615 | D        | Killed the Royal Jelly
  9649 | D        | Got a slimy rune of Zot
 10039 | D        | Noticed a greater mummy
 10039 | D        | Noticed a greater mummy
 10056 | D        | Killed a greater mummy
 10089 | D        | Killed a greater mummy
 10089 | D        | Reached skill level 27 in Spellcasting
 10089 | D        | Reached XP level 23. HP: 16/246 MP: 54/54
 10533 | D        | Noticed a greater mummy
 10544 | D        | Killed a greater mummy
 10755 | D        | Noticed a greater mummy
 10769 | D        | Noticed a greater mummy
 10787 | D        | Killed a greater mummy
 10801 | D        | Killed a greater mummy
 10815 | D        | Got a golden rune of Zot
 11668 | D        | Lost mutation: You are resistant to hostile enchantments. [potion of cure mutation]
 11668 | D        | Lost mutation: You are dopey. (Int -2) [potion of cure mutation]
 11669 | D        | Lost mutation: You are partially covered in rugged brown scales (AC +1, +3% HP). [potion of cure mutation]
 11669 | D        | Lost mutation: Your body sometimes deteriorates upon taking damage. [potion of cure mutation]
 11669 | D        | Lost mutation: You are robust (+10% HP). [potion of cure mutation]
 11669 | D        | Lost mutation: Scrolls take you a little longer to read. [potion of cure mutation]
 11675 | D        | Got an abyssal rune of Zot
 11813 | D        | Noticed Geryon
 11816 | D        | Killed Geryon
 11822 | D        | Noticed Gloorx Vloq
 11822 | D        | Noticed Lom Lobon
 11824 | D        | Noticed Ereshkigal
 11829 | D        | Killed Gloorx Vloq
 11830 | D        | Killed from afar by Lom Lobon

Vault maps used:
D:        linesprint

Skill      XL: |  1  2  3  4  5  6  7  8  9 10 11 12 13 14 15 16 17 18 19 20 21 22 23 |
---------------+----------------------------------------------------------------------+-----
Polearms       | 4 7 8 9 11 14 15 16 17 22 26 27 | 27.0
Fighting       | 5 9 12 15 18 20 25 26 27 | 27.0
Armour         | 5 10 13 15 17 21 27 | 27.0
Dodging        | 2 5 6 7 8 9 10 15 25 27 | 27.0
Shields        | 7 19 27 | 27.0
Invocations    | 2 7 11 25 27 | 27.0
Evocations     | 8 21 27 | 27.0
Stealth        | 24 27 | 27.0
Spellcasting   | 27 | 27.0
Throwing       | 6 21 | 21.0

Action                   |  1- 3 |  4- 6 |  7- 9 | 10-12 | 13-15 | 16-18 | 19-21 | 22-24 || total
-------------------------+-------+-------+-------+-------+-------+-------+-------+-------++-------
Melee: Trident           |    37 |    20 |       |       |       |       |       |       ||    57
       Halberd           |       |    19 |    52 |   165 |       |       |       |       ||   236
       Bardiche          |       |       |       |    76 |   363 |   478 |   382 |   294 ||  1593
Invok: Slouch            |       |       |       |     2 |     5 |     3 |     3 |     8 ||    21
 Abil: Stop Flying       |       |       |       |       |     1 |       |       |       ||     1
       Evoke Invisibilit |       |       |       |       |       |     1 |       |       ||     1
  Use: Potion            |     1 |     1 |       |     2 |     4 |     1 |     5 |     4 ||    18
       Scroll            |       |       |       |     3 |     2 |    10 |       |     4 ||    19
 Stab: Invisible         |       |       |       |       |     7 |     3 |       |       ||    10
       Distracted        |       |       |       |       |       |       |     1 |     4 ||     5
       Sleeping          |       |       |       |       |       |       |     1 |     4 ||     5
  Eat: Chunk             |       |       |       |     1 |     5 |     3 |     1 |       ||    10
       Fruit             |       |       |       |    10 |       |       |       |     9 ||    19
       Meat ration       |       |       |       |       |       |       |     1 |       ||     1
Armor: Scale mail        |    11 |     5 |       |       |       |       |       |       ||    16
       Chain mail        |       |     4 |    14 |    28 |       |       |       |       ||    46
       Plate armour      |       |       |       |     3 |    67 |    24 |       |       ||    94
       Gold dragon armou |       |       |       |       |       |    18 |    23 |    38 ||    79
Dodge: Dodged            |    10 |     4 |    11 |    95 |    76 |   110 |   119 |    55 ||   480
Block: Shield            |    11 |    13 |     9 |       |       |    51 |    53 |       ||   137
       Buckler           |       |       |     4 |    40 |       |       |       |       ||    44
       Large shield      |       |       |       |     3 |   282 |   209 |   180 |   187 ||   861
       Reflection        |       |       |       |       |       |     1 |       |       ||     1
